 Dungeon Crawl Stone Soup version 0.29-a0-334-gb41bcbb86e (webtiles) character file.

Game seed: 7687368516943609054

21 Jortsu the Skirmisher (level 2, 29/29 HPs)
             Began as a Troll Fighter on Apr 15, 2022.
             Was a Follower of Kikubaaqudgha.
             Quit the game on level 2 of the Dungeon.
             The game lasted 00:01:12 (948 turns).

Jortsu the Skirmisher (Troll Fighter)                Turns: 948, Time: 00:01:12

Health: 29/29      AC:  4    Str: 23    XL:     2   Next: 62%
Magic:  1/1        EV:  8    Int:  4    God:    Kikubaaqudgha [*.....]
Gold:   42         SH:  7    Dex:  9    Spells: 1/1 levels left

rFire   . . .      SeeInvis .   a - +0 flail
rCold   + . .      Faith    .   c - +0 kite shield
rNeg    . . .      Spirit   .   b - +0 robe
rPois   .          Reflect  .   (helmet restricted)
rElec   .          Harm     .   (no cloak)
rCorr   .          Rampage  .   (gloves unavailable)
Will    .....                   (boots unavailable)
Stlth   +.........              (no amulet)
HPRegen 0.89/turn               g - ring of protection from cold
MPRegen 0.07/turn               i - ring of flight

@: flying
A: large, unfitting armour, claws 3, regeneration 1, shaggy fur 1, tough skin 1
a: Renounce Religion, Receive Corpses


You were on level 2 of the Dungeon.
You worshipped Kikubaaqudgha.
Kikubaaqudgha was aware of your devotion.
You visited 1 branch of the dungeon, and saw 2 of its levels.

You collected 42 gold pieces.

Inventory:

Hand Weapons
 a - a +0 flail (weapon)
Armour
 b - a +0 robe (worn)
 c - a +0 kite shield (worn)
Jewellery
 f - a ring of fire
 g - a ring of protection from cold (left claw)
 i - a ring of flight (right claw)
Potions
 d - a potion of might
 e - a potion of flight


   Skills:
 + Level 2.6 Fighting
 + Level 2.1 Maces & Flails
 + Level 2.6 Dodging
 + Level 2.6 Shields


You had one spell level left.
You didn't know any spells.
Your spell library contained the following spells:

 Spells                   Type           Power      Damage    Failure   Level
 Animate Skeleton         Necr           0%         N/A       80%         1
 Sandblast                Erth           0%         2d4       80%         1
 Corpse Rot               Necr/Air       0%         N/A       91%         2
 Passwall                 Tmut/Erth      0%         N/A       91%         2
 Sublimation of Blood     Necr           0%         N/A       91%         2
 Wereblood                Tmut           0%         N/A       91%         2
 Stone Arrow              Conj/Erth      0%         3d7       99%         3
 Agony                    Necr           0%         N/A       100%        5
 Summon Hydra             Summ           0%         N/A       100%        7


Dungeon Overview and Level Annotations

Branches:
Dungeon (2/15)

Altars:
Kikubaaqudgha


Innate Abilities, Weirdness & Mutations

You are too large for most types of armour.
You have claws for hands.
Your natural rate of healing is unusually fast.
You are covered in fur. (AC +1)
You have tough skin. (AC +1)


Message History

e - a potion of flight
(D) Dungeon
Where to? (? - help)
There is a stone staircase leading down here.
You fly downwards.
The kobold shouts!
Found 11 stones and a rapier.
Found a stone staircase leading down and a stone staircase leading up.
There is a stone staircase leading up here.
There are monsters nearby!
The kobold throws a stone.
The stone hits you. The rat bites you but does no damage.
The kobold throws a stone.
You block the stone. The rat attacks as you move away!
The rat bites you but does no damage. You block the kobold's attack.
You hit the kobold but do no damage. The rat bites you.
The kobold hits you with a +0 short sword.
You thump the kobold!
You kill the kobold!
The rat bites you but does no damage. The rat attacks as you move away!
The rat barely misses you.
Things that are here:
a +0 short sword; a stone The rat attacks as you move away!
The rat bites you but does no damage.
You sock the rat!
You kill the rat!
Things that are here:
a +0 short sword; a stone; a rat corpse You now have 42 gold pieces (gained 7).
Found a dagger.
Found a faded altar of an unknown god.
Found a scroll labelled WAENUM DEFAJAIREA.
Found a stone staircase leading down.
There is a faded altar of an unknown god here.
You cannot tell which god this altar belongs to.
Convert to them anyway?
Kikubaaqudgha accepts your prayer! Kikubaaqudgha welcomes you!
You can now receive cadavers from Kikubaaqudgha.
Kikubaaqudgha grants you a gift!
You add the spells Animate Skeleton, Corpse Rot and Agony to your library.
Are you sure you want to abandon this character and quit the game? (Confirm with "yes".)

##############
#............#
#.##########.########
#...................
#..#########..###.##
#.)# #?.......##...#.##
#).###.#####.....⌠.....
##...##.# #..#@...#>#
#.......# #.)...∩.#
.>..<...# #..###....#
#.<...#.# #..# ......
##...##... ..... ...##
#(... ....#... ...#
#..... ...... ..#
##...# #.## .## #...#


There were no monsters in sight!

Vanquished Creatures
  3 ball pythons (D:1)
  4 endoplasms (D:1)
  2 giant cockroaches (D:1)
  2 hobgoblins (D:1)
  A quokka (D:1)
  A bat (D:1)
  3 kobolds
  2 rats
18 creatures vanquished.

Notes
Turn   | Place    | Note
-------+----------+-------------------------------------------
     0 | D:1      | Jortsu the Troll Fighter began the quest for the Orb.
     0 | D:1      | Reached XP level 1. HP: 22/22 MP: 0/0
   239 | D:1      | Reached XP level 2. HP: 29/29 MP: 1/1
   940 | D:2      | Found a faded altar of an unknown god.
   947 | D:2      | Prayed at the altar of an unknown god.
   947 | D:2      | Became a worshipper of Kikubaaqudgha
   947 | D:2      | Reached * piety under Kikubaaqudgha
   947 | D:2      | Received a gift from Kikubaaqudgha
   948 | D:2      | Quit the game

Illustrated notes

Levels and vault maps discovered:
D:1:      dpeg_arrival_more_subterranean_lakeside_camping, layout_basic
D:2:      layout_loops_ring, ebering_ecumenical_altar_abandoned

Skill      XL: |  1  2 |
---------------+-------+-----
Maces & Flails | 2 |  2.1
Fighting       | |  2.6
Dodging        | |  2.6
Shields        | |  2.6

Action                   || total
-------------------------++-------
Melee: Flail             ||    38
  Use: Scroll            ||     1
Armor: Robe              ||    22
Dodge: Dodged            ||    15
Block: Kite shield       ||    21

Table legend: (Time is in decaauts)
 A = Elapsed time spent in this place.
 B = Non-inter-level travel time spent in this place.
 C = Inter-level travel time spent in this place.
 D = Time resting spent in this place.
 E = Time spent auto-exploring this place.
 F = Levels seen in this place.
 G = Mean time per level.
                   A        B        C        D        E       F      G
               +--------+--------+--------+--------+--------+-----+--------+
         Total |    964 |    926 |     38 |      0 |    754 |   2 |  482.0 |
       Dungeon |    964 |    926 |     38 |      0 |    754 |   2 |  482.0 |
               +--------+--------+--------+--------+--------+-----+--------+

Top non-repeatable levels by time:
     D:1: 929 daAuts
     D:2: 35 daAuts
